Map: Echo LE (Void)

Players

Fropez - Winner!

  • Race: Protoss Protoss
  • League: Gold
  • Spawn Location: 11:00

Firetracks

  • Race: Protoss Protoss
  • League: Gold
  • Spawn Location: 5:00

VOD

Have the link to the VOD?

Description

Time

  • Played on: Dec. 3, 2016, 7:27 p.m.
  • Length: 19:06
Show
View Real Time Build Order
Export as new Build Order

Fropez Protoss - Winner!

Build Orders:  

Get SALT Encoding   

  12  0:02  Probe (Chrono Boost)  
  13  0:13  Pylon  
  13  0:20  Probe (Chrono Boost)  
  14  0:31  Probe (Chrono Boost)  
  15  0:38  Assimilator  
  15  0:40  Gateway  
  15  0:42  Probe (Chrono Boost)  
  16  0:53  Probe (Chrono Boost)  
  16  0:56  Assimilator  
  17  1:04  Probe (Chrono Boost)  
  18  1:14  Probe (Chrono Boost)  
  19  1:25  Probe (Chrono Boost)  
  20  1:29  Cybernetics Core  
  20  1:32  Pylon  
  20  1:35  Probe (Chrono Boost)  
  21  1:42  Forge  
  21  1:46  Probe (Chrono Boost)  
  21  2:05  Nexus  
  21  2:10  Pylon  
  21  2:14  Mothership Core (Chrono Boost)  
  23  2:16  Warp Gate (Chrono Boost)  
  23  2:36  Gateway  
  23  2:37  Probe  
  24  2:49  Probe  
  24  2:50  Pylon  
  25  2:55  Stalker  
  27  3:01  Probe  
  28  3:13  Twilight Council, Probe  
  28  3:16  Probe  
  30  3:25  Stalker  
  30  3:26  Probe  
  33  3:29  Stalker  
  35  3:56  Probe  
  35  3:59  Assimilator  
  35  4:02  Assimilator  
  36  4:06  Blink (Chrono Boost)  
  36  4:12  Probe  
  36  4:15  Probe  
  37  4:18  Gateway  
  38  4:24  Probe  
  38  4:26  Probe  
  38  4:29  Pylon  
  40  4:33  Stalker  
  40  4:34  Stalker  
  44  4:38  Probe  
  44  4:39  Probe  
  46  4:46  Pylon  
  46  4:51  Probe  
  47  4:55  Probe  
  47  4:58  Robotics Facility  
  47  4:59  Pylon  
  48  5:06  Probe  
  49  5:12  Pylon  
  49  5:15  Stargate  
  49  5:16  Stalker  
  51  5:23  Stalker  
  53  5:30  Stalker  
  53  5:33  Probe  
  53  5:34  Pylon  
  56  5:47  Probe  
  57  5:53  Stalker x2  
  57  5:54  Stalker  
  57  5:56  Oracle (Chrono Boost)  
  66  6:18  Observer (Chrono Boost)  
  66  6:25  Pylon  
  66  6:26  Probe  
  66  6:31  Pylon  
  66  6:33  Probe  
  66  6:37  Observer (Chrono Boost)  
  63  6:45  Probe  
  61  6:54  Probe  
  61  6:57  Probe  
  59  7:05  Probe  
  54  7:11  Probe  
  55  7:15  Probe  
  56  7:27  Stargate  
  56  7:32  Forge  
  54  7:39  Stalker x2  
  54  7:40  Pylon  
  54  7:48  Probe  
  54  7:50  Probe  
  52  7:57  Warp Prism (Chrono Boost), Pylon  
  54  8:07  Oracle (Chrono Boost)  
  54  8:09  Photon Cannon  
  57  8:16  Stalker x3  
  57  8:18  Protoss Ground Weapons Level 1 (Chrono Boost)  
  63  8:25  Pylon  
  63  8:51  Stalker x2  
  63  8:52  Stalker  
  64  9:24  Stalker x3  
  64  9:28  Nexus  
  64  9:30  Pylon, Oracle  
  70  9:32  Assimilator  
  70  9:34  Assimilator  
  70  9:35  Pylon  
  70  9:37  Pylon  
  73  9:41  Pylon  
  73  9:43  Pylon  
  73  9:51  Stalker  
  73  9:52  Stalker x2  
  79  10:01  Protoss Ground Weapons Level 2 (Chrono Boost)  
  79  10:22  Probe  
  80  10:35  Photon Cannon  
  80  10:38  Photon Cannon  
  80  10:43  Pylon  
  80  10:44  Probe  
  80  10:45  Probe x2  
  83  11:03  Adept x3  
  86  11:23  Void Ray  
  88  11:38  Adept x3, Stargate  
  90  11:59  Adept x3  
  90  12:00  Resonating Glaives  
  96  12:02  Protoss Ground Weapons Level 3 (Chrono Boost)  
  96  12:05  Observer  
  97  12:37  Void Ray  
  97  12:42  Void Ray  
  101  12:48  Protoss Air Weapons Level 1 (Chrono Boost)  
  95  12:51  Stalker x2  
  97  13:19  Probe  
  97  13:21  Probe x2  
  97  13:26  Void Ray  
  100  13:27  Void Ray, Photon Cannon  
  100  13:30  Probe  
  109  14:08  Protoss Shields Level 1  
  109  14:14  Templar Archives  
  109  14:16  Pylon  
  109  14:23  Pylon  
  109  14:25  Void Ray  
  109  14:26  Void Ray  
  117  14:33  Gateway  
  117  14:39  Gateway  
  117  14:50  Stalker x3  
  123  15:01  Gateway  
  123  15:03  Gateway  
  123  15:05  Gateway  
  119  15:22  Stalker x3  
  125  15:48  Void Ray x2  
  133  15:53  High Templar  
  133  15:54  High Templar x2  
  133  15:55  High Templar  
  141  15:57  Archon  
  141  15:59  Archon  
  141  16:31  Void Ray  
  131  17:13  Void Ray  
  131  17:14  Void Ray  
  111  17:44  Probe x3  
  112  17:56  Void Ray, Probe x3  
  112  17:57  Void Ray  
  123  18:04  Nexus  
  122  18:08  Stalker x5  
  122  18:09  Stalker  
  118  18:53  Zealot x6  
  118  18:54  Zealot x2  
Show
View Real Time Build Order
Export as new Build Order

Firetracks Protoss 

Build Orders: Dark Templar Rush 

Get SALT Encoding   

  12  0:01  Probe (Chrono Boost)  
  13  0:11  Probe (Chrono Boost)  
  14  0:21  Pylon  
  14  0:22  Probe (Chrono Boost)  
  15  0:39  Probe (Chrono Boost)  
  16  0:49  Assimilator  
  17  0:50  Probe (Chrono Boost)  
  17  1:00  Probe (Chrono Boost), Gateway  
  18  1:11  Probe (Chrono Boost)  
  19  1:21  Probe (Chrono Boost)  
  20  1:30  Nexus  
  20  1:33  Pylon  
  20  1:38  Assimilator  
  20  1:55  Probe (Chrono Boost)  
  21  2:05  Probe (Chrono Boost)  
  22  2:09  Cybernetics Core  
  22  2:16  Probe (Chrono Boost)  
  22  2:20  Gateway  
  23  2:31  Gateway  
  23  2:42  Probe (Chrono Boost)  
  24  2:48  Warp Gate  
  24  2:49  Mothership Core (Chrono Boost)  
  26  2:53  Probe (Chrono Boost)  
  27  2:58  Twilight Council  
  27  3:11  Forge  
  27  3:17  Pylon  
  27  3:24  Gateway  
  27  3:25  Probe (Chrono Boost)  
  28  3:36  Probe (Chrono Boost)  
  29  3:43  Assimilator  
  29  3:46  Probe (Chrono Boost)  
  30  3:53  Dark Shrine  
  30  3:57  Probe (Chrono Boost)  
  30  4:00  Probe (Chrono Boost), Protoss Ground Weapons Level 1 (Chrono Boost)  
  30  4:01  Robotics Facility  
  32  4:10  Probe (Chrono Boost)  
  33  4:21  Probe (Chrono Boost)  
  34  4:26  Probe  
  35  4:37  Probe  
  35  4:44  Gateway  
  36  4:48  Probe  
  36  4:50  Warp Prism (Chrono Boost)  
  39  4:57  Assimilator  
  39  4:58  Probe  
  40  5:00  Probe  
  41  5:10  Probe  
  41  5:13  Probe  
  43  5:14  Gateway  
  43  5:18  Pylon  
  43  5:22  Probe  
  43  5:24  Pylon  
  43  5:26  Photon Cannon  
  43  5:27  Dark Templar x3  
  50  5:30  Dark Templar  
  52  5:42  Protoss Ground Armor Level 1  
  52  5:44  Probe  
  53  5:56  Probe  
  54  6:01  Pylon  
  54  6:05  Pylon  
  54  6:08  Probe  
  49  6:18  Forge  
  49  6:20  Probe  
  49  6:23  Dark Templar x2  
  49  6:24  Dark Templar x3  
  60  6:27  Dark Templar  
  60  6:32  Probe  
  45  7:10  Stalker x2  
  45  7:11  Stalker x3  
  45  7:13  Stalker  
  27  7:52  Stalker x3  
  27  7:53  Stalker x2  
  27  7:57  Probe  
  36  8:09  Probe  
  36  8:11  Protoss Ground Weapons Level 2 (Chrono Boost)  
  37  8:21  Probe  
  37  8:24  Protoss Ground Armor Level 2 (Chrono Boost)  
  38  8:28  Probe  
  38  8:32  Stalker  
  38  8:33  Probe  
  42  8:40  Probe  
  43  8:42  Zealot x3  
  43  8:43  Zealot x2  
  43  8:45  Probe  
  49  8:52  Probe  
  47  8:57  Probe  
  38  9:20  Pylon  
  36  9:25  Probe  
  37  9:37  Probe  
  31  9:49  Probe  
  30  10:01  Probe, Stalker x3  
  30  10:02  Stalker  
  39  10:13  Pylon  
  39  10:25  Probe  
  40  10:35  Probe  
  41  10:47  Probe  
  42  10:59  Probe  
  42  11:02  Stalker x2  
  47  11:08  Zealot  
  49  11:11  Probe  
  45  11:23  Probe  
  41  11:26  Probe  
  42  11:38  Probe  
  40  11:50  Probe  
  35  12:02  Probe  
  36  12:13  Photon Cannon  
  36  12:14  Probe  
  37  12:16  Probe, Photon Cannon  
  37  12:56  Probe  
  38  12:59  Probe  
  39  13:08  Probe  
  39  13:11  Probe  
  41  13:20  Probe  
  41  13:25  Probe  
  43  13:32  Probe  
  44  13:37  Probe  
  45  13:49  Probe  
  46  14:01  Probe  
  47  14:13  Probe  
  48  14:19  Stalker  
  48  14:20  Stalker x3  
  56  14:53  Protoss Ground Weapons Level 3 (Chrono Boost), Protoss Ground Armor Level 3 (Chrono Boost)  
  56  15:02  Stalker x2  
  54  15:24  Stalker x2  
  58  15:36  Probe  
  58  15:40  Probe  
  60  15:49  Probe  
  61  15:52  Probe  
  62  15:59  Dark Templar  
  62  16:00  Dark Templar  
  62  16:01  Probe  
  65  16:13  Probe  
  65  16:14  Stalker  
  65  16:15  Stalker  
  70  16:26  Probe  
  70  16:28  Probe  
  72  16:34  Stalker x2  
  76  16:41  Probe  
  75  16:53  Probe  
  72  16:54  Dark Templar  
  72  16:55  Dark Templar  
  64  17:08  Dark Templar x2  
  64  17:09  Dark Templar  
  56  17:46  Pylon  
  56  17:47  Pylon  
  56  17:49  Pylon  
Tags
 
League
GoldGold
Matchup
PvP
Replay Pack
All Mines
Spawn Locations
Cross Positions
Add a new tag
Caveats
  • Supply blocks, unpowered buildings, or Contaminate may cause inaccurate times.
  • Supply counts are checked every 10 seconds.